[Event "Late-Titled-Tuesday-Blitz-June-25-2024"]
[Site "Chess.com"]
[Date "2024.06.25"]
[Round "10"]
[White "medinapazmiguel1968"]
[Black "sergeikim"]
[Result "0-1"]
[WhiteElo "2464"]
[BlackElo "2606"]
[TimeControl "180+1"]
[EndTime "15:55:32 PDT"]
[Termination "sergeikim won by checkmate"]

1. d4 Nf6 2. c4 g6 3. Nc3 Bg7 4. e4 d6 5. Be2 O-O 6. Bg5 Nbd7 7. Qd2 a6 8. Nf3 e5 9. dxe5 dxe5 10. O-O c6 11. Rad1 Qc7 12. Bh6 Re8 13. Bxg7 Kxg7 14.
b4 a5 15. a3 axb4 16. axb4 Nf8 17. Qd6 Qxd6 18. Rxd6 Ra3 19. Rd3 Bg4 20. Rfd1 Bxf3 21.
Bxf3 Ne6 22. Ne2 Rxd3 23. Rxd3 Ra8 24. g3 Ra1+ 25. Kg2 Rb1 26. b5 cxb5 27. cxb5 Rxb5 28. Nc3 Rb4 29. Nd5 Rd4 30. Rb3 Nc5 31. Rb5 Nfxe4 32.
Bxe4 Nxe4 33. Nc7 Rd2 34. Rxb7 Nxf2 35. Ne8+ Kf8 36. Rb8 Ke7 37. Kf3 f5 38. Nc7 Ne4 39. Nb5 Rxh2 40. Rb7+ Ke6 41. Rb6+ Kd5 42. Nc7+ Kc5 43.
Rb8 Nd2+ 44. Ke3 Nc4+ 45. Kf3 g5 46. Rc8 e4# 0-1

[Event "Late-Titled-Tuesday-Blitz-June-25-2024"]
[Site "Chess.com"]
[Date "2024.06.25"]
[Round "10"]
[White "Jarming"]
[Black "Pitomina"]
[Result "0-1"]
[WhiteElo "2701"]
[BlackElo "2580"]
[TimeControl "180+1"]
[EndTime "15:55:34 PDT"]
[Termination "Pitomina won by resignation"]

1. c4 e5 2. g3 c6 3. Nf3 e4 4.
Nd4 d5 5. cxd5 Qxd5 6. Nc2 Nf6 7.
Bg2 Qe5 8. Nc3 Bf5 9. O-O Na6 10.
d4 exd3 11. exd3 Be7 12. Re1 Qd6 13. Bf4 Qd7 14. d4 Bxc2 15. Qxc2 O-O 16. Rad1 Nb4 17. Qb3 Nbd5 18. Bg5 Rfe8 19. Bxf6 Nxf6 20. d5 Bc5 21. dxc6 Rxe1+ 22. Rxe1 bxc6 23. Qc4 Qd2 24. Re2 Qc1+ 25. Bf1 Bb6 26. Qxc6 Rf8 27. Kg2 h6 28. h3 Rd8 29. Qf3 Rd2 30. Rxd2 Qxd2 31. Qe2 Qd4 32. Qc2 g6 33. Bd3 Kg7 34. a3 a5 35. Qe2 Bc5 36.
Bc4 Bxa3 37. Nb5 Qxb2 38. Nxa3 Qxa3 39. Qe5 Qb4 40. Ba2 Qe4+ 41. Qxe4 Nxe4 42. Kf3 Nc3 43. Bc4 a4 44. Ke3 a3 45. Kd3 a2 46. Bxa2 Nxa2 47. Kc4 Nc1 48. Kc3 Ne2+ 49. Kd3 Ng1 50.
h4 Kf6 51. Ke3 Kf5 52. f3 Nh3 53. Ke2 g5 54. hxg5 hxg5 55. Kf1 g4 56. Kg2 Ng5 57. fxg4+ Kxg4 0-1

[Event "Late-Titled-Tuesday-Blitz-June-25-2024"]
[Site "Chess.com"]
[Date "2024.06.25"]
[Round "10"]
[White "AlexanderMatlak"]
[Black "IsaacWiebe"]
[Result "0-1"]
[WhiteElo "2448"]
[BlackElo "2388"]
[TimeControl "180+1"]
[EndTime "15:55:34 PDT"]
[Termination "IsaacWiebe won by checkmate"]

1. c4 e5 2. Nc3 Nf6 3. Nf3 Nc6 4. g3 d5 5. cxd5 Nxd5 6. Bg2 Nb6 7. O-O Be7 8. a3 O-O 9. b4 Be6 10. d3 f6 11. Bb2 a5 12. b5 Nd4 13. Nd2 Rb8 14. e3 Nf5 15. Qe2 a4 16. Nc4 Nxc4 17. dxc4 Nd6 18. Nd5 c6 19. Nxe7+ Qxe7 20. Rac1 cxb5 21.
cxb5 Rbc8 22. b6 Bc4 23. Rxc4 Nxc4 24. Bd5+ Kh8 25. Bxc4 Qc5 26. Bd3 g6 27. f4 exf4 28.
Rxf4 Rc6 29. Qf2 Kg7 30. g4 Rxb6 31. Bd4 Qc1+ 32. Kg2 Rd6 33. g5 Rxd4 34. Rxd4 fxg5 35. Rd7+ Kg8 36. Qa2+ Kh8 37. Qe6 Qd2+ 38. Kg3 Qf2+ 39. Kg4 Qh4# 0-1

[Event "Late-Titled-Tuesday-Blitz-June-25-2024"]
[Site "Chess.com"]
[Date "2024.06.25"]
[Round "10"]
[White "Fandorine"]
[Black "Necromon"]
[Result "0-1"]
[WhiteElo "2916"]
[BlackElo "2616"]
[TimeControl "180+1"]
[EndTime "15:55:35 PDT"]
[Termination "Necromon won by resignation"]

1. d4 Nf6 2. c4 c5 3. d5 b5 4. cxb5 a6 5. e3 g6 6. Nc3 Bg7 7. a4 O-O 8. Nf3 d6 9. e4 Nbd7 10. bxa6 Qa5 11. Bd2 Bxa6 12. Bxa6 Qxa6 13. Qe2 Rfb8 14.
Qxa6 Rxa6 15. Ra2 Rb4 16. e5 Ne4 17. e6 Nb6 18. exf7+ Kxf7 19. Ke2 Nxc3+ 20. bxc3 Rbxa4 21. Rxa4 Rxa4 22. Ng5+ Kf6 23. Nxh7+ Ke5 24. h4 Ra2 25.
Ng5 Kxd5 26. Rd1 Bxc3 27. Kd3 Bd4 28. Ke2 c4 29. Nf3 e5 30. Ke1 Kc5 31. h5 gxh5 32.
Be3 Bxe3 33. fxe3 Rxg2 34. Kf1 Ra2 35. Ng5 d5 36. Nf3 e4 37. Nd4 c3 38. Rb1 Nc4 39.
Rb5+ Kd6 40. Nf5+ Ke5 0-1

[Event "Late-Titled-Tuesday-Blitz-June-25-2024"]
[Site "Chess.com"]
[Date "2024.06.25"]
[Round "10"]
[White "Niktlt"]
[Black "GothamChess"]
[Result "0-1"]
[WhiteElo "2588"]
[BlackElo "2762"]
[TimeControl "180+1"]
[EndTime "15:55:35 PDT"]
[Termination "GothamChess won by checkmate"]

1. d4 g6 2. c4 Bg7 3. Nc3 d6 4.
Nf3 Bg4 5. e3 Nc6 6. Be2 e5 7.
O-O Nge7 8. dxe5 Bxf3 9. Bxf3 dxe5 10. Bd2 O-O 11. Qe2 f5 12. Bd5+ Nxd5 13. Nxd5 Kh8 14. Rad1 Qd7 15. Bc3 Qf7 16. b4 Nd8 17. f4 c6 18. fxe5 cxd5 19. cxd5 Rc8 20. e6 Nxe6 21. dxe6 Qxe6 22. Bxg7+ Kxg7 23. Qb2+ Kg8 24. Qd4 a6 25. a3 Rc4 26. Qa7 Rc7 27. Kh1 Re7 28. Rfe1 Rfe8 29.
h3 Qb3 30. Qb6 Qxa3 31. Rd6 Qc3 32. Red1 Qxe3 33. Qxb7 Rxb7 34. Re6 Qxe6 35. Rd8 Rxd8 36. Kh2 Qe5+ 37. Kg1 Rd1+ 38. Kf2 Rd2+ 39. Kf1 Qe2+ 40. Kg1 Qf2+ 41. Kh1 Qf1+ 42. Kh2 Qg1+ 43. Kg3 Qh2+ 44. Kh4 Qf4+ 45. g4 Qh6+ 46. Kg3 Qe3+ 47. Kh4 Qe7+ 48.
Kg3 Rd3+ 49. Kf4 Rxb4# 0-1

[Event "Late-Titled-Tuesday-Blitz-June-25-2024"]
[Site "Chess.com"]
[Date "2024.06.25"]
[Round "10"]
[White "Arystanner"]
[Black "Maus7"]
[Result "1-0"]
[WhiteElo "2840"]
[BlackElo "2667"]
[TimeControl "180+1"]
[EndTime "15:55:36 PDT"]
[Termination "Arystanner won by resignation"]

1. e4 c5 2. Nf3 d6 3. Bb5+ Bd7 4. Bxd7+ Nxd7 5. c3 Ngf6 6. Qe2 e6 7. d4 cxd4 8.
cxd4 d5 9. e5 Ne4 10. O-O Be7 11. Rd1 O-O 12. Ne1 h6 13. f3 Ng5 14. Nc3 Rc8 15. f4 Ne4 16. Nxe4 dxe4 17. Qxe4 Qb6 18. Qe2 Qc6 19. Bd2 Nb6 20. Qf3 Qd7 21. Be3 Nd5 22.
Rac1 Qa4 23. a3 Qb3 24. Rxc8 Rxc8 25. Rc1 Rd8 26. Bf2 Qxb2 27. Rc4 Qa1 28. g3 Bxa3 29.
Ra4 Nc3 30. Rxa7 Qc1 31. Kg2 Nd5 32. Rxb7 Qc6 33. Rb3 Bf8 34. Nd3 Ra8 35. f5 exf5 36.
Nf4 Rd8 37. Nxd5 Qxd5 38. Qxd5 Rxd5 39. Rb8 g6 40. Kf3 Kg7 41. g4 Be7 42. gxf5 gxf5 43.
h4 f6 44. Rb7 Kf7 45. Kf4 fxe5+ 46. dxe5 Ke6 47. Rb6+ Kf7 48. Kxf5 Bf8 49. Rb7+ Kg8 50. h5 Ra5 51. Bg3 Rc5 52. Kf6 Rc3 53. Bf4 Rf3 54.
Kf5 Rf1 55. Rd7 Rf2 56. e6 Re2 57. Be5 Rf2+ 58. Ke4 Re2+ 59. Kd5 Rd2+ 60. Kc4 Re2 61. Kd5 Rd2+ 62. Bd4 Re2 63. Rd8 Re1 64. Kc4 Rc1+ 65. Kb3 Rb1+ 66. Kc2 Rb5 67. e7 1-0

[Event "Late-Titled-Tuesday-Blitz-June-25-2024"]
[Site "Chess.com"]
[Date "2024.06.25"]
[Round "10"]
[White "jcibarra"]
[Black "ReinisUz"]
[Result "1-0"]
[WhiteElo "2896"]
[BlackElo "2476"]
[TimeControl "180+1"]
[EndTime "15:55:36 PDT"]
[Termination "jcibarra won by resignation"]

1. e4 e5 2. Nf3 Nc6 3. d4 exd4 4. Nxd4 Nf6 5. Nxc6 bxc6 6. Nd2 Bc5 7. Nb3 Bb6 8. e5 Ne4 9. Qg4 Nxf2 10. Qxg7 Rf8 11. Bg5 Qxg5 12. Qxg5 Nxh1 13. Bc4 Nf2 14. Ke2 Ne4 15.
Qf4 d5 16. exd6 Nxd6 17. Re1 Be6 18. Bxe6 fxe6 19. Qg4 O-O-O 20. Rf1 Nf5 21. Qc4 Rd5 22. Qxc6 Re5+ 23. Kd2 Be3+ 24. Kc3 Rd8 25. g4 Nd6 26. Kb4 Nb7 27. c4 a5+ 28. Ka4 Kb8 29. Rf7 Bb6 30. Qf3 Re1 31. Rf8 Rxf8 32. Qxf8+ Ka7 33. c5 Re4+ 34. Ka3 Ka6 35. cxb6 Nd6 36. Nc5+ Kb5 37. Nxe4 cxb6 38. Nxd6+ 1-0

[Event "Late-Titled-Tuesday-Blitz-June-25-2024"]
[Site "Chess.com"]
[Date "2024.06.25"]
[Round "10"]
[White "Statham_01"]
[Black "subham777"]
[Result "0-1"]
[WhiteElo "2689"]
[BlackElo "2558"]
[TimeControl "180+1"]
[EndTime "15:55:36 PDT"]
[Termination "subham777 won on time"]

1. Na3 d5 2. c4 d4 3. Nc2 e5 4.
d3 Nf6 5. g3 c5 6. Bg2 Bd6 7. Nf3 O-O 8. O-O Nc6 9. e4 dxe3 10.
fxe3 e4 11. dxe4 Nxe4 12. Qd5 Qe7 13. b4 Nf6 14. Qg5 h6 15. Qh4 Nxb4 16. Nxb4 cxb4 17.
Bb2 Ng4 18. Qh5 Qxe3+ 19. Kh1 Nf2+ 20. Rxf2 Qxf2 21. Bd4 Qc2 22. Nh4 Qxc4 23. Rd1 Be6 24. Nf5 Bxf5 25. Qxf5 Qe6 26. Qh5 Rad8 27. Bd5 Qe7 28.
Rf1 Qg5 29. Rxf7 Rxf7 30. Qxf7+ Kh8 31. Kg2 Bxg3 32. Kh3 Be5 33. Bxe5 Qxe5 34. Bb3 Qf6 35. Qc4 Rf8 0-1

[Event "Late-Titled-Tuesday-Blitz-June-25-2024"]
[Site "Chess.com"]
[Date "2024.06.25"]
[Round "10"]
[White "cthulhuuu"]
[Black "guillembaches"]
[Result "1-0"]
[WhiteElo "2410"]
[BlackElo "2521"]
[TimeControl "180+1"]
[EndTime "15:55:36 PDT"]
[Termination "cthulhuuu won by checkmate"]

1. e4 d5 2. exd5 Qxd5 3. d3 Nf6 4. Nc3 Qd6 5. Nf3 g6 6. g3 c6 7. Bg2 Bg7 8. O-O O-O 9. Bf4 Qd8 10. Re1 Bg4 11. h3 Bxf3 12. Qxf3 Nbd7 13. g4 e6 14. Rab1 Nd5 15. Nxd5 cxd5 16. c4 Nb6 17. Be3 dxc4 18. Qxb7 cxd3 19. Bxb6 axb6 20. Qxa8 Qxa8 21. Bxa8 Rxa8 22.
Red1 Rxa2 23. Rxd3 Rxb2 24. Rxb2 Bxb2 25. Rd6 b5 26.
Rb6 Bd4 27. Rxb5 e5 28. Kg2 Kg7 29. Kf3 f6 30. Ra5 h5 31. gxh5 gxh5 32. Ke4 Bxf2 33. Kf5 Bh4 34. Ra7+ Kh6 35. Ra4 Bg3 36. Kxf6 h4 37.
Rg4 Kh7 38. Kf7 Kh6 39. Rg6+ Kh5 40. Kf6 Bf4 41. Rg8 e4 42. Kf5 Bg3 43. Rh8# 1-0

[Event "Late-Titled-Tuesday-Blitz-June-25-2024"]
[Site "Chess.com"]
[Date "2024.06.25"]
[Round "10"]
[White "Dedic8"]
[Black "wonderfultime"]
[Result "0-1"]
[WhiteElo "2962"]
[BlackElo "3065"]
[TimeControl "180+1"]
[EndTime "15:55:38 PDT"]
[Termination "wonderfultime won by checkmate"]

1. e4 e5 2. Nf3 Nc6 3. Bc4 Bc5 4. Nc3 Nf6 5. d3 h6 6. h3 d6 7. Na4 Bb6 8. a3 O-O 9. O-O Be6 10. Nxb6 axb6 11. Bxe6 fxe6 12. c4 Nh5 13. g3 Qf6 14.
Kg2 Qg6 15. Be3 Nf4+ 16. Bxf4 Rxf4 17. Kh2 Rf6 18. Nh4 Qf7 19. Ng2 Rxf2 20. Rxf2 Qxf2 21. Qg4 Nd4 22. h4 Rf8 23. b4 Qc2 24. Kh3 Rf2 25.
Rg1 Qxd3 26. h5 Qxc4 27. Qg6 Qe2 28. Rc1 c6 29. Re1 Qf3 30. Nh4 Qf7 31. Qg4 Kf8 32. a4 Ke8 33. a5 Rf1 34. Qd1 Rxe1 35. Qxe1 Qxh5 36. axb6 g5 37. Qa1 Qe2 38. Qa8+ Kf7 39. Qxb7+ Kf6 40. Ng2 g4+ 41. Kh4 Qxg2 42. Kxg4 Qxe4+ 43. Kh3 Qh1+ 44. Kg4 h5# 0-1

[Event "Late-Titled-Tuesday-Blitz-June-25-2024"]
[Site "Chess.com"]
[Date "2024.06.25"]
[Round "10"]
[White "legendisback1"]
[Black "KaydenTroffChess"]
[Result "1-0"]
[WhiteElo "3025"]
[BlackElo "2814"]
[TimeControl "180+1"]
[EndTime "15:55:38 PDT"]
[Termination "legendisback1 won by resignation"]

1. e4 c5 2. Nc3 g6 3. f4 Bg7 4.
Nf3 Nc6 5. Bc4 e6 6. f5 gxf5 7. exf5 d5 8. Bb5 e5 9. O-O Ne7 10. Ng5 Bxf5 11. Qf3 h6 12. Nxf7 Kxf7 13. Bxc6 bxc6 14.
g4 e4 15. Qh3 Rg8 16. Kh1 Qd6 17. gxf5 Qf6 18. d3 exd3 19. cxd3 Rab8 20. Na4 Rb5 21.
Be3 d4 22. Bf2 Kf8 23. Rae1 Qd6 24. Bh4 Qd5+ 25. Qf3 Qxf3+ 26. Rxf3 Nd5 27. f6 Bh8 28. f7 Ne3 29. fxg8=Q+ Kxg8 30. Rg1+ Bg7 31. Bf6 Kf7 32.
Bxd4+ Ke6 33. Rxe3+ Kd5 34. Bxg7 c4 35. Nc3+ Kc5 36.
d4+ Kb4 37. Nxb5 a5 38. Nc3 a4 39. Re5 h5 40. Bf8+ c5 41. Rxc5 1-0

[Event "Late-Titled-Tuesday-Blitz-June-25-2024"]
[Site "Chess.com"]
[Date "2024.06.25"]
[Round "10"]
[White "TERMINATOR_PC"]
[Black "HamedWafa4"]
[Result "0-1"]
[WhiteElo "2607"]
[BlackElo "2774"]
[TimeControl "180+1"]
[EndTime "15:55:39 PDT"]
[Termination "HamedWafa4 won on time"]

1. c4 e5 2. Nc3 Bb4 3. g3 Bxc3 4. bxc3 Nc6 5. Bg2 d6 6. d3 f5 7. Nf3 Nf6 8. c5 dxc5 9. Qb3 Qe7 10. O-O Be6 11. Qxb7 Kd7 12. Bg5 Rhb8 13. Qa6 Rb6 14. Qa4 Qd6 15. Rfd1 Rab8 16. d4 cxd4 17. cxd4 e4 18.
Ne5+ Ke7 19. Rac1 Nb4 20. Qxa7 R8b7 21. Qa8 Rb8 22. Qa5 R8b7 23. Bf4 Ra6 24. Qc5 Qxc5 25. Rxc5 Nxa2 26. d5 Bxd5 27. Bh3 c6 28. Bxf5 g6 29. Bc8 Rba7 30. Bxa6 Rxa6 31. Bg5 Kd6 32. Bxf6 Kxc5 33.
Be7+ Kb6 34. f3 exf3 35. exf3 Nc3 36. Re1 Ra2 37. Nd7+ Kc7 38. Nc5 Bxf3 39. Bf6 Ne2+ 40. Kf2 Bh5 0-1

[Event "Late-Titled-Tuesday-Blitz-June-25-2024"]
[Site "Chess.com"]
[Date "2024.06.25"]
[Round "10"]
[White "carloseduar100"]
[Black "tarno17"]
[Result "0-1"]
[WhiteElo "2262"]
[BlackElo "2180"]
[TimeControl "180+1"]
[EndTime "15:55:39 PDT"]
[Termination "tarno17 won by checkmate"]

1. g3 e5 2. Bg2 d5 3. b4 c6 4. a3 f5 5. Bb2 Bd6 6. d3 Nf6 7.
Nd2 O-O 8. e4 fxe4 9. dxe4 Bg4 10. f3 Bh5 11. Ne2 dxe4 12. Nxe4 Nxe4 13. fxe4 Qb6 14.
Rf1 Rxf1+ 15. Kxf1 Na6 16. Qxd6 Rf8+ 17. Qxf8+ Kxf8 18. Bxe5 Bxe2+ 19. Kxe2 Qb5+ 20. Ke3 Qxe5 21. Rf1+ Ke7 22. Kd3 Nc7 23. Bh3 Ne6 24. Bxe6 Qxe6 25. c4 Qd6+ 26. Ke3 Qh6+ 27. Kf3 Qxh2 28. Rd1 Qh5+ 29. g4 Qh3+ 30. Kf4 Qh2+ 31. Kf3 g5 32. Ke3 Qf4+ 33. Kd3 Qxg4 34. Rf1 Qg3+ 35. Kd4 Qxa3 36. Rf5 Qb2+ 37. Kd3 g4 38. b5 cxb5 39. Rxb5 Qxb5 40.
cxb5 h5 41. Ke3 Ke6 42. Kf4 a6 43. bxa6 bxa6 44. Kg3 Ke5 45. Kh4 Kxe4 46. Kxh5 Kf3 47. Kg6 g3 48. Kf6 g2 49. Ke5 g1=Q 50. Kd5 Qc1 51.
Kd6 Qc4 52. Ke5 Qd3 53. Ke6 Qd4 54. Kf5 Qe3 55. Kf6 Qe4 56. Kg5 Qe6 57. Kh5 Qg8 58. Kh6 Kf4 59. Kh5 Qg5# 0-1

[Event "Late-Titled-Tuesday-Blitz-June-25-2024"]
[Site "Chess.com"]
[Date "2024.06.25"]
[Round "10"]
[White "HansOnTwitch"]
[Black "tptagain"]
[Result "1-0"]
[WhiteElo "3133"]
[BlackElo "3040"]
[TimeControl "180+1"]
[EndTime "15:55:40 PDT"]
[Termination "HansOnTwitch won on time"]

1. e4 c6 2. d4 d5 3. e5 Bf5 4.
Nd2 e6 5. Nb3 Nd7 6. Nf3 Ne7 7.
Be2 Nc8 8. a4 a5 9. Bd2 Be7 10.
O-O O-O 11. Ne1 c5 12. c3 Bg6 13. g3 Ncb6 14. Bb5 Nc4 15. Bc1 cxd4 16. cxd4 Nb8 17. Nd3 Nc6 18. Nf4 Qb6 19. Be3 Nxe3 20. fxe3 Nb4 21.
Rc1 Rac8 22. Rxc8 Rxc8 23. Nxg6 hxg6 24. Qf3 Rf8 25. Be8 Bf6 26. exf6 Rxe8 27. fxg7 Qc7 28.
Qf6 b6 29. Nd2 Qe7 30. Qf4 Kxg7 31. e4 Nc6 32. Nf3 dxe4 33. Qxe4 Qd7 34. Ne5 Nxe5 35. Qxe5+ Kg8 36. Rf4 Rc8 37. Rh4 Rc1+ 38. Kf2 Rc2+ 39. Ke3 Kf8 40. Qf6 1-0

[Event "Late-Titled-Tuesday-Blitz-June-25-2024"]
[Site "Chess.com"]
[Date "2024.06.25"]
[Round "10"]
[White "Navyblue1"]
[Black "tolimachess"]
[Result "0-1"]
[WhiteElo "2138"]
[BlackElo "2266"]
[TimeControl "180+1"]
[EndTime "15:55:40 PDT"]
[Termination "tolimachess won by resignation"]

1. d4 Nf6 2. c4 c5 3. d5 b5 4. cxb5 a6 5. e3 axb5 6. Bxb5 g6 7. Nc3 Bg7 8. a4 O-O 9. Nf3 Ba6 10.
Bxa6 Nxa6 11. O-O d6 12. e4 Qb6 13. Nd2 Rfb8 14. Ra3 Nc7 15. Rb3 Qa6 16. Rxb8+ Rxb8 17. Re1 h5 18. h3 Nd7 19. Qc2 Bxc3 20. bxc3 Nb6 21.
Nf3 Qxa4 22. Qd2 Nc4 23. Qh6 Ne8 24. Bg5 Nf6 25. Bxf6 exf6 26. Qf4 Kg7 27. Nd2 Ne5 28. Qe3 Qc2 29. Re2 Rb2 30. f4 Nc4 31. Nxc4 Qxe2 32. Qxe2 Rxe2 33. Nxd6 f5 34. Kf1 Rc2 35. exf5 Rxc3 36.
fxg6 fxg6 37. Ne4 Rc2 38. d6 Kf8 39. g4 hxg4 40. hxg4 Rc4 41. d7 Ke7 42. Ng5 Rxf4+ 43. Ke2 Kxd7 44. Nf3 Kd6 45. g5 Kd5 46. Kd3 Rxf3+ 0-1

[Event "Late-Titled-Tuesday-Blitz-June-25-2024"]
[Site "Chess.com"]
[Date "2024.06.25"]
[Round "10"]
[White "smallbaba"]
[Black "ArchibaldCerveza29"]
[Result "1-0"]
[WhiteElo "2632"]
[BlackElo "2432"]
[TimeControl "180+1"]
[EndTime "15:55:42 PDT"]
[Termination "smallbaba won by resignation"]

1. e4 e5 2. Nf3 Nf6 3. d4 Nxe4 4. Bd3 d5 5. Nxe5 Nd7 6. Nc3 Nxe5 7. dxe5 Nxc3 8. bxc3 Bc5 9. O-O O-O 10. Rb1 Qh4 11. Qf3 c6 12. Be3 Bxe3 13. Qxe3 Re8 14. Rb4 Qe7 15.
Re1 b5 16. Qg3 Be6 17. Rh4 g6 18. Kh1 Qf8 19. f4 Qg7 20. Rf1 Re7 21. Qg5 Rae8 22.
g4 Bd7 23. Rh6 c5 24. Be2 c4 25. Bf3 Bc6 26. Rd1 Bb7 27. Rh3 Rd7 28. Rd4 f6 29. exf6 Re1+ 30. Kg2 Qf7 31. Qh4 Rc1 32. Rd2 b4 33.
cxb4 c3 34. Rf2 d4 35. Bxb7 Rxb7 36. Qg3 Rxb4 37. Qf3 h5 38. gxh5 gxh5 39. Rg3+ Kh7 40. Rg7+ Qxg7+ 41. fxg7 Kxg7 42. Qg3+ Kf7 43. f5 Rb2 44.
Qg6+ Ke7 45. Qe6+ Kd8 46. f6 Rbxc2 47. Qe7+ Kc8 48. f7 Rxf2+ 49. Kxf2 Rc2+ 50. Kg3 1-0

[Event "Late-Titled-Tuesday-Blitz-June-25-2024"]
[Site "Chess.com"]
[Date "2024.06.25"]
[Round "10"]
[White "LUISMIGUELOV"]
[Black "CoachVadim"]
[Result "0-1"]
[WhiteElo "2241"]
[BlackElo "2407"]
[TimeControl "180+1"]
[EndTime "15:55:45 PDT"]
[Termination "CoachVadim won by resignation"]

1. d4 d5 2. c3 Nf6 3. Bf4 c5 4. e3 Nc6 5. Bd3 Qb6 6. Qb3 c4 7.
Qxb6 axb6 8. Bc2 b5 9. Ne2 b4 10. Nd2 b3 11. Bb1 g6 12. O-O Bg7 13. a3 Bf5 14.
Bxf5 gxf5 15. f3 Nh5 16. e4 Nxf4 17. Nxf4 Bh6 18. g3 Rg8 19. Kf2 Bxf4 20. gxf4 fxe4 21. fxe4 e6 22. f5 Kd7 23. Rg1 b5 24. Rxg8 Rxg8 25.
Rg1 Rxg1 26. Kxg1 dxe4 27. fxe6+ Kxe6 28. Nxe4 h6 29. Kf2 f5 30. Nc5+ Kd5 31. Ke3 Ne7 32. Kf4 Kd6 33. h4 Kd5 34. Nd7 Kd6 35. Nf6 Ke6 36. Nh5 Nd5+ 37. Kf3 Nxc3 38. Nf4+ Kd6 39. h5 Na4 40. Ne2 Nxb2 41. Nc3 Na4 42. Nxb5+ Kd5 43. Ke3 b2 44. Nc7+ Kc6 45. Ne6 b1=Q 46. Kf4 Qe4+ 47. Kg3 Qxe6 48. d5+ Kxd5 49. Kh4 Qe4+ 50. Kh3 Qg4+ 51.
Kh2 Ke4 52. Kh1 Kf3 0-1

[Event "Late-Titled-Tuesday-Blitz-June-25-2024"]
[Site "Chess.com"]
[Date "2024.06.25"]
[Round "10"]
[White "LidongW"]
[Black "harshu27"]
[Result "0-1"]
[WhiteElo "2331"]
[BlackElo "2506"]
[TimeControl "180+1"]
[EndTime "15:55:47 PDT"]
[Termination "harshu27 won on time"]

1. e4 c5 2. c3 Nf6 3. e5 Nd5 4. d4 cxd4 5. Nf3 d6 6. cxd4 e6 7. Nc3 dxe5 8. Nxe5 Nc6 9. Bb5 Bd7 10. Nxd7 Qxd7 11. O-O a6 12. Bc4 Be7 13. Bxd5 exd5 14. Qh5 O-O-O 15. Bf4 g6 16. Qd1 Bd6 17. Bg5 Rde8 18.
Na4 Qc7 19. h3 Re4 20. Bf6 Rhe8 21. Qb3 b5 22. Nc3 Nxd4 23. Bxd4 Rxd4 24. Nxb5 axb5 25. Rac1 Rc4 26. Qxb5 Re5 27. Qa6+ Kd8 28. Rcd1 d4 29. b3 Rb4 30. a3 Ra5 31. Qe2 Rxa3 32. Rfe1 Qd7 33. Qf3 Rbxb3 34. Qf6+ Kc7 35. Qxd4 Rb4 36. Rc1+ Kb8 37. Qh8+ Ka7 38. Re8 Rb8 39. Qd4+ Rb6 40. Qe4 Qb7 41. Qe2 Rb5 42. Rb1 Kb6 0-1

[Event "Late-Titled-Tuesday-Blitz-June-25-2024"]
[Site "Chess.com"]
[Date "2024.06.25"]
[Round "10"]
[White "dosto07"]
[Black "Queensandpawns"]
[Result "0-1"]
[WhiteElo "2420"]
[BlackElo "2304"]
[TimeControl "180+1"]
[EndTime "15:55:50 PDT"]
[Termination "Queensandpawns won by resignation"]

1. e4 Nc6 2. Nf3 d6 3. d4 Nf6 4. Nc3 g6 5. Bb5 a6 6. Bxc6+ bxc6 7. h3 Bg7 8. Be3 O-O 9. Qd2 Rb8 10. O-O-O Re8 11.
Bh6 Bh8 12. Rhe1 Nd7 13. e5 c5 14. dxc5 Nxc5 15. Nd4 Bd7 16. f4 Qc8 17. g4 Qb7 18. Nb3 a5 19. Qd5 Bc6 20. Qc4 Bf3 21. Nxc5 Qxb2+ 22. Kd2 dxc5 23. Rb1 Rbd8+ 24. Ke3 Qxc2 25. Kxf3 Rd3+ 26.
Re3 Rxc3 27. Rxc3 Qxb1 28. Rc1 Qb2 29. Qc2 Qa3+ 30. Qb3 Qxc1 31. e6 Qc3+ 32. Qxc3 Bxc3 33. f5 gxf5 34. gxf5 fxe6 35. fxe6 Bg7 36. Bg5 c4 37.
Ke4 c3 38. Kd3 h6 39. Bh4 Kh7 40. Bg3 Kg6 41. Bxc7 Kf5 42. Bxa5 Kxe6 43. a4 Ra8 44. Bxc3 Bxc3 45. Kxc3 Rxa4 46. h4 Rxh4 47. Kd3 Rh3+ 48. Ke2 Rg3 49. Kf2 Rg8 50. Kf3 h5 51. Kf4 h4 52.
Ke3 h3 0-1

[Event "Late-Titled-Tuesday-Blitz-June-25-2024"]
[Site "Chess.com"]
[Date "2024.06.25"]
[Round "10"]
[White "koncheto"]
[Black "Bryanl106"]
[Result "1-0"]
[WhiteElo "2586"]
[BlackElo "2705"]
[TimeControl "180+1"]
[EndTime "15:55:52 PDT"]
[Termination "koncheto won by resignation"]

1. e4 e5 2. Nf3 Nc6 3. Bc4 Nf6 4. d3 Bc5 5. c3 d6 6. O-O a5 7. Nbd2 h6 8. Re1 O-O 9. h3 a4 10. Nf1 Bd7 11. Bb5 Ne7 12. Bxd7 Nxd7 13. d4 Bb6 14. Ng3 f5 15. exf5 Nxf5 16. Nxf5 Rxf5 17. dxe5 Nxe5 18.
Nd4 Rf7 19. Be3 Qf6 20. Qe2 Raf8 21. Qb5 Qg6 22. Kh1 Rxf2 23. Bxf2 Rxf2 24. Qd5+ Kh8 25. Qe4 Qxe4 26. Rxe4 Rxb2 27. Ne6 a3 28. Ra4 Re2 29. Ra8+ Kh7 30. Nf8+ Kg8 31. Nd7+ Kf7 32. Nxb6 cxb6 33. Rxa3 Nc4 34. Ra7 Na5 35. Rb1 Rxa2 36. Rxb6 Ke6 37. Rb5 Ra1+ 38. Kh2 Nb3 39. Rxa1 Nxa1 40. Rxb7 g5 41.
Kg3 Nc2 42. Kg4 Ne3+ 43. Kf3 Nd5 44. c4 Nf6 45. Rb5 Nd7 46. Ke4 Nc5+ 47. Rxc5 dxc5 48.
g4 Kd6 49. Kf5 Kd7 50. Ke5 Kc7 51. Kd5 Kb6 52. Kd6 Ka5 53. Kxc5 Ka4 54. Kb6 Kb3 55. c5 Kc3 56. c6 Kd3 57. c7 Kc3 58. c8=Q+ Kd4 59.
Qf5 Ke3 60. Qg6 Kf4 61. Qxh6 Kg3 1-0

[Event "Late-Titled-Tuesday-Blitz-June-25-2024"]
[Site "Chess.com"]
[Date "2024.06.25"]
[Round "10"]
[White "Crazy_girl99"]
[Black "Frankie_Badacsonyi"]
[Result "0-1"]
[WhiteElo "2670"]
[BlackElo "2516"]
[TimeControl "180+1"]
[EndTime "15:55:52 PDT"]
[Termination "Frankie_Badacsonyi won by checkmate"]

1. e4 c6 2. d4 d5 3. e5 Bf5 4. Nf3 e6 5. Be2 Ne7 6. O-O Ng6 7. c4 Bg4 8. b3 Be7 9. c5 f6 10. exf6 Bxf6 11. Be3 O-O 12. Nc3 Bxf3 13. Bxf3 e5 14. Bh5 Nd7 15. Bxg6 hxg6 16. Qg4 exd4 17. Bxd4 Bxd4 18.
Qxd4 Qf6 19. Qb4 Rab8 20. Rad1 Qe7 21. Na4 b5 22. Nb2 Ra8 23. Nd3 a5 24. Qd4 Qf6 25. Qg4 Qf5 26. Qg3 b4 27. Rfe1 Rae8 28. h3 Nf6 29. Re5 Rxe5 30. Qxe5 Ne4 31. Qxf5 gxf5 32. f3 Nc3 33. Rd2 Re8 34. Kf2 Kf7 35. h4 Kf6 36.
Nf4 g6 37. g3 Re7 38. Rc2 Nd1+ 39. Kg1 Re1+ 40. Kh2 Nc3 41. g4 fxg4 42. fxg4 Ra1 43. Kh3 Rxa2 44. Rc1 Rf2 45. g5+ Kf5 46. Ng2 Rf3+ 47.
Kh2 d4 48. Ne1 Rf2+ 49. Kg3 Ne4+ 50. Kh3 Re2 51. Ng2 d3 52. Rf1+ Ke5 53. Nf4 Re3+ 54. Kg4 Rg3# 0-1

[Event "Late-Titled-Tuesday-Blitz-June-25-2024"]
[Site "Chess.com"]
[Date "2024.06.25"]
[Round "10"]
[White "Tigranpatagonian"]
[Black "HaryKane"]
[Result "1-0"]
[WhiteElo "2474"]
[BlackElo "2588"]
[TimeControl "180+1"]
[EndTime "15:55:55 PDT"]
[Termination "Tigranpatagonian won on time"]

1. d4 Nf6 2. c4 e6 3. Nc3 Bb4 4. e3 O-O 5. Bd3 d5 6. Nf3 c5 7. O-O cxd4 8. exd4 dxc4 9. Bxc4 Nbd7 10. Bg5 Nb6 11.
Bb3 Be7 12. Qd3 h6 13. Bh4 Nh7 14. Bc2 g6 15. Bxe7 Qxe7 16. Rfe1 Rd8 17. Rad1 Bd7 18. d5 Be8 19. Qe3 Ng5 20. Nxg5 Qxg5 21. dxe6 Qxe3 22.
exf7+ Bxf7 23. Rxe3 Nc4 24. Re7 Nxb2 25. Rxd8+ Rxd8 26. Rxb7 Rc8 27. Rxb2 Rxc3 28. h3 Kg7 29. Be4 Ra3 30. Rb7 Kf6 31. f4 Bxa2 32. Rc7 Bf7 33. Kh2 Ra4 34. Bf3 a5 35. Rc6+ Kg7 36. g3 Ra2+ 37. Kg1 Ra1+ 38. Kf2 a4 39. Rc7 Kf6 40.
g4 a3 41. g5+ hxg5 42. fxg5+ Ke6 43. Bg4+ Kd6 44. Rxf7 a2 45. Rd7+ Ke5 46. Rd2 1-0

[Event "Late-Titled-Tuesday-Blitz-June-25-2024"]
[Site "Chess.com"]
[Date "2024.06.25"]
[Round "10"]
[White "Chessdude1987"]
[Black "N_I_Chess"]
[Result "0-1"]
[WhiteElo "2359"]
[BlackElo "2280"]
[TimeControl "180+1"]
[EndTime "15:55:56 PDT"]
[Termination "N_I_Chess won on time"]

1. e4 Nf6 2. e5 Nd5 3. c4 Nb6 4.
c5 Nd5 5. Nc3 e6 6. Nxd5 exd5 7.
d4 d6 8. cxd6 cxd6 9. Nf3 Nc6 10.
Be2 dxe5 11. Nxe5 Bb4+ 12. Bd2 Bxd2+ 13. Qxd2 Nxe5 14. dxe5 O-O 15. O-O Be6 16. f4 Qd7 17. Qd4 Rac8 18. Rac1 b6 19. Bd3 g6 20. a4 Rxc1 21.
Rxc1 Rc8 22. Rxc8+ Qxc8 23. Qc3 Qc5+ 24. Qxc5 bxc5 25.
b3 Kf8 26. a5 Ke7 27. Kf2 Kd8 28. h3 h5 29. Kg3 Kc7 30. Kh4 Kc6 31. Kg5 c4 32.
bxc4 dxc4 33. Bc2 Kb5 34. g4 hxg4 35. hxg4 Kxa5 36. f5 gxf5 37. gxf5 Bd5 38. Kf6 Kb4 39. Ke7 a5 40. Kd6 Bf3 41. e6 fxe6 42. fxe6 Bh5 43. e7 a4 44. Kd7 a3 45. Bd1 Be8+ 46. Kxe8 a2 0-1